AoeStats
← gooner

Fortress

507205824Analyzed
2v2 RM · 16d ago on Sep 17, 2026· 49m 6s· 4 players
Game mode
Random Map
Map size
Normal (6 player)
Population
200
Speed
Normal
Resources
Standard
Victory
Conquest
Starting age
Dark Age
Ending age
Imperial Age
RankedLock teamsTeams togetherTeam positionsShared explorationLock speedFull tech treeHidden civsTurbo modeCheats
Victory
Defeat
🇵🇪 Magyars · Peru
789
+13
🇵🇪 Vikings · Peru
683
+17
🇮🇳 Wei · India
723
-15
🇮🇳 Magyars · India
722
-15
gooner
10:40 Feudal Age
11:13 Horse Collar
11:40 Double-Bit Axe
12:50 Gold Mining
12:52 Stone Mining
19:45 Castle Age
18:29 Fletching
19:06 Padded Archer Armor
19:55 Forging
19:53 Scale Barding Armor
20:14 Bloodlines
21:20 Tuntian
22:27 Thumb Ring
25:35 Heavy Plow
25:48 Bow Saw
25:55 Bodkin Arrow
26:16 Leather Archer Armor
26:21 Husbandry
27:51 Iron Casting
30:23 Chain Barding Armor
30:51 Ballistics
30:11 Treadmill Crane
33:58 Imperial Age
31:23 Light Cavalry
32:07 Caravan
36:25 Parthian Tactics
36:07 Heavy Hei Guang Cavalry
38:17 Chemistry
43:00 Conscription
43:41 Ming Guang Armor
OdenKuttan
6:41 Loom
13:13 Feudal Age
18:53 Castle Age
17:29 Wheelbarrow
18:09 Double-Bit Axe
18:12 Horse Collar
21:26 Thumb Ring
21:45 Husbandry
25:12 Bow Saw
24:54 Treadmill Crane
25:03 Pikeman
30:19 Town Watch
30:50 Hand Cart
33:51 Corvinian Army
36:49 Ballistics
36:32 Fletching
36:42 Padded Archer Armor
39:42 Gold Mining
39:42 Stone Mining
43:30 Imperial Age
42:47 Elite Skirmisher
43:52 Halberdier
45:47 Conscription
44:51 Elite Magyar Huszar
47:23 Recurve Bow
48:42 Parthian Tactics
DELOS PERU
9:08 Feudal Age
10:42 Double-Bit Axe
10:40 Horse Collar
10:39 Man-at-Arms
17:48 Castle Age
18:47 Stone Mining
18:47 Gold Mining
19:04 Heavy Plow
19:17 Bow Saw
21:52 Gold Shaft Mining
28:59 Imperial Age
26:49 Fortified Wall
26:34 Murder Holes
27:30 Elite Skirmisher
30:06 Crossbowman
31:19 Chieftains
30:52 Sappers
34:13 Pikeman
34:53 Squires
35:26 Long Swordsman
35:51 Gambesons
36:57 Conscription
36:53 Loom
43:04 Heavy Scorpion
TheRedox
1:07 Loom
8:22 Feudal Age
9:24 Double-Bit Axe
9:30 Horse Collar
14:21 Castle Age
12:25 Fletching
13:22 Bloodlines
15:54 Husbandry
17:53 Bow Saw
20:35 Fervor
20:47 Sanctity
21:04 Gold Mining
21:04 Stone Mining
29:55 Imperial Age
28:01 Bodkin Arrow
28:14 Scale Barding Armor
28:33 Ballistics
28:09 Murder Holes
28:48 Corvinian Army
29:15 Scale Mail Armor
29:16 Padded Archer Armor
31:31 Conscription
31:41 Parthian Tactics
32:18 Wheelbarrow
31:36 Town Watch
31:43 Arson
33:17 Heavy Plow
33:52 Caravan
34:23 Coinage
34:36 Bracer
34:57 Leather Archer Armor
36:18 Two-Man Saw
36:15 Gold Shaft Mining
35:43 Town Patrol
35:30 Treadmill Crane
36:59 Chain Barding Armor
37:10 Ring Archer Armor
37:18 Block Printing
38:45 Plate Barding Armor
38:26 Chain Mail Armor
38:33 Recurve Bow
37:54 Elite Magyar Huszar
43:25 Chemistry
42:31 Siege Engineers
42:36 Masonry
42:18 Guard Tower
46:01 Heavy Cavalry Archer
46:47 Thumb Ring
Connection lost

Rejoining the realm…

Still unreachable

The connection could not be restored.

Session expired

The server has moved on; the page needs a fresh start.